 Dungeon Crawl Stone Soup version 0.20-a0-299-gec7c366 (webtiles) character file.

892 snakesoul the Reanimator (level 7, 0/55 HPs)
             Began as a Deep Dwarf Necromancer on Dec 15, 2016.
             Slain by a centaur (4 damage)
             ... on level 5 of the Dungeon.
             The game lasted 00:16:00 (4993 turns).

snakesoul the Reanimator (Deep Dwarf Necromancer)   Turns: 4993, Time: 00:16:01

Health: 0/55       AC:  7    Str: 11    XL:     7   Next: 78%
Magic:  12/13      EV: 11    Int: 18    God:
Gold:   228        SH:  0    Dex: 13    Spells: 10/15 levels left

rFire  . . .     SeeInvis .     q - +2 hand axe (freeze)
rCold  . . .     Gourm    .     f - +0 ring mail
rNeg   . . .     Faith    .     (no shield)
rPois  .         Spirit   .     r - +1 helmet
rElec  .         Reflect  .     (no cloak)
rCorr  .         Harm     .     (no gloves)
MR     +....                    (no boots)
Stlth  +.........               (no amulet)
                                (no ring)
                                (no ring)

@: non-regenerating
A: damage resistance, recharge devices, sense surroundings 1, slow regeneration
3
a: Device Recharging


You were on level 5 of the Dungeon.
You were very hungry.

You visited 1 branch of the dungeon, and saw 5 of its levels.

You collected 228 gold pieces.

Inventory:

Hand Weapons
 q - a +2 hand axe of freezing (weapon)
Armour
 a - a +0 robe
 f - a +0 ring mail (worn)
 r - a +1 helmet (worn)
Jewellery
 u - an uncursed ring of ice {unknown}
Wands
 c - a wand of heal wounds (4/9)
Scrolls
 e - a scroll of immolation {unknown}
 g - 4 scrolls of identify {unknown}
 h - 4 scrolls of teleportation {unknown}
 k - a scroll of amnesia {unknown}
 p - a scroll of recharging {unknown}
 s - a scroll of fog {unknown}
 t - a scroll of fear {unknown}
Potions
 i - a potion of lignification {unknown}
 l - 2 potions of curing {unknown}
 m - a potion of agility {unknown}
 n - a potion of might {unknown}
 o - a potion of degeneration {unknown}
Books
 b - a book of Necromancy

   Spells                             Type                      Level
   a - Pain                           Necromancy                   1
   b - Animate Skeleton               Necromancy                   1
   c - Vampiric Draining              Necromancy                   3
   d - Regeneration                   Charms/Necromancy            3
   e - Animate Dead                   Necromancy                   4
   f - Control Undead                 Necromancy                   4
Comestibles
 d - 4 bread rations
 j - a beef jerky


   Skills:
 - Level 2.1 Dodging
 - Level 2.4 Stealth
 + Level 4.5 Spellcasting
 * Level 9.2 Necromancy


You had 10 spell levels left.
You knew the following spells:

 Your Spells              Type           Power        Failure   Level  Hunger
a - Pain                  Necr           ####         1%          1    None
b - Animate Skeleton      Necr           N/A          1%          1    None
c - Vampiric Draining     Necr           #####.....   2%          3    ###....


Dungeon Overview and Level Annotations

Branches:
Dungeon (5/15)
 Temple: D:4-7

Altars:


Innate Abilities, Weirdness & Mutations

You are resistant to damage.
You can recharge devices by infusing magical energy.
You passively map a small area around you.
You do not regenerate.


Message History

The centaur shoots an arrow.
The arrow hits you.
* * * LOW HITPOINT WARNING * * *
You see here an arrow.
The centaur shoots an arrow.
The arrow closely misses you.
You see here an arrow.
Casting: Vampiric Draining
Confirm with . or Enter, or press ? or * to list all spells.
You can't see any susceptible monsters within range! (Use Z to cast anyway.) Unknown command.
Casting: Vampiric Draining
Confirm with . or Enter, or press ? or * to list all spells.
You can't see any susceptible monsters within range! (Use Z to cast anyway.) Unknown command.
Casting: Vampiric Draining
Confirm with . or Enter, or press ? or * to list all spells.
You can't see any susceptible monsters within range! (Use Z to cast anyway.) Unknown command.
The centaur unwields an uncursed shortbow.
The centaur hits you.
You die...

...#....!#.)...#
#..#..#..#..#..#
#..#..#..#..#..#
,#.....#.....#..#
, #.l...#.....#..#
###############..#
.................#
..............(((#
###############.@#
..#..SoZ#.....#c.#
.a#..rol#.....#..#
..#..#..#..#..#..#
..#..#..#..#..#..#
.....#.....#.....#
.... #....,#.Z...#
* * #####


You could see a centaur.

Vanquished Creatures
  A phantom (D:5)
  A centaur (D:5)
  A scorpion (D:4)
  A howler monkey (D:4)
  3 crimson imps (D:5)
  A jelly (D:5)
  4 orc priests
  A bullfrog skeleton (D:4)
  2 hounds
  2 orc wizards
  A worker ant (D:4)
  A howler monkey zombie (D:5)
  3 adders
  3 oozes
  2 dart slugs
  3 leopard geckos
  16 orcs
  4 bats
  6 giant cockroaches
  7 hobgoblins
  2 jackals (D:5)
  7 kobolds
  A quokka (D:2)
  3 ball pythons
  10 frilled lizards
  10 goblins
  4 rats
100 creatures vanquished.

Vanquished Creatures (collateral kills)
  An ogre (D:4)
  A hound skeleton (D:4)
  An adder (D:2)
  A worm (D:3)
  A bat (D:1)
  A goblin (D:3)
  A hobgoblin (D:2)
  A frilled lizard (D:2)
8 creatures vanquished.

Grand Total: 108 creatures vanquished

Notes
Turn   | Place    | Note
-------+----------+-------------------------------------------
     0 | D:1      | snakesoul the Deep Dwarf Necromancer began the quest for the Orb.
     0 | D:1      | Reached XP level 1. HP: 15/15 MP: 3/3
   225 | D:1      | Reached XP level 2. HP: 22/22 MP: 4/4
   361 | D:1      | Learned a level 1 spell: Animate Skeleton
   402 | D:1      | Reached skill level 5 in Necromancy
   740 | D:1      | Reached XP level 3. HP: 21/28 MP: 2/6
  1430 | D:2      | Learned a level 3 spell: Vampiric Draining
  1981 | D:3      | Reached XP level 4. HP: 31/36 MP: 4/7
  2019 | D:3      | Reached skill level 6 in Necromancy
  2664 | D:3      | Reached XP level 5. HP: 31/42 MP: 5/9
  3427 | D:4      | Noticed an ogre
  3438 | D:4      | Killed an ogre
  3438 | D:4      | Reached skill level 7 in Necromancy
  3438 | D:4      | Reached XP level 6. HP: 4/49 MP: 2/11
  3940 | D:4      | Reached skill level 8 in Necromancy
  4205 | D:4      | Reached XP level 7. HP: 39/55 MP: 10/12
  4432 | D:5      | Entered Level 5 of the Dungeon
  4760 | D:5      | Reached skill level 9 in Necromancy
  4993 | D:5      | Slain by a centaur

Vault maps used:
D:1:      nicolae_arrival_memento_mori, grunt_decor_cap
D:4:      first_bread
D:5:      kennysheep_windowed_halls, fedhas_altar_2

Skill      XL: |  1  2  3  4  5  6  7 |
---------------+----------------------+-----
Spellcasting   | 2 3 4 |  4.5
Necromancy     | 5 6 7 8 9 |  9.2
Dodging        | |  2.1
Stealth        | |  2.4

Action                   |  1- 3 |  4- 6 |  7- 9 || total
-------------------------+-------+-------+-------++-------
Melee: Short sword       |   132 |    55 |       ||   187
       Hand axe          |       |    33 |    72 ||   105
 Cast: Pain              |    14 |    35 |     3 ||    52
       Animate Skeleton  |    15 |    14 |     2 ||    31
       Vampiric Draining |     7 |    31 |     6 ||    44
Evoke: Wand              |       |     1 |       ||     1
 Stab: Sleeping          |     2 |     1 |     1 ||     4
  Eat: Chunk             |     5 |     9 |     3 ||    17
Armor: Ring mail         |    54 |    38 |    34 ||   126
Dodge: Dodged            |    97 |    64 |    49 ||   210
